 Dungeon Crawl Stone Soup version 0.19.1-1-g22dce08 (webtiles) character file.

327 Queen the Cudgeler (level 6, -1/55 HPs)
             Began as a Gargoyle Berserker on Jan 17, 2017.
             Was a Priest of Trog.
             Slain by an ogre
             ... wielding a +0 giant club
              (7 damage)
             ... on level 4 of the Dungeon.
             The game lasted 00:06:26 (2937 turns).

Queen the Cudgeler (Gargoyle Berserker)             Turns: 2937, Time: 00:06:26

Health: -1/55      AC: 16    Str: 26    XL:     6   Next: 50%
Magic:  6/6        EV:  9    Int:  7    God:    Trog [***...]
Gold:   163        SH:  0    Dex: 11    Spells: 0 memorised, 5 levels left

rFire  . . .     SeeInvis .     a - +0 mace
rCold  . . .     Gourm    .     s - +0 chain mail
rNeg   + . .     Faith    .     (no shield)
rPois  ∞         Spirit   .     (no helmet)
rElec  +         Reflect  .     e - +0 cloak
rCorr  .         Harm     .     o - +1 pair of gloves
MR     .....                    (no boots)
Stlth  ..........               (no amulet)
                                (no ring)
                                (no ring)

@: berserking, very quick
A: negative energy resistance 1, electricity resistance, unbreathing,
petrification resistance, rot immunity, AC +4
a: Berserk, Trog's Hand, Burn Spellbooks, Renounce Religion


You were on level 4 of the Dungeon.
You worshipped Trog.
Trog was most pleased with you.
You were hungry.

You visited 1 branch of the dungeon, and saw 4 of its levels.

You collected 163 gold pieces.

Inventory:

Hand Weapons
 a - a +0 mace (weapon)
Armour
 e - a +0 cloak (worn)
 o - a +1 pair of gloves (worn)
 s - a +0 chain mail (worn)
Scrolls
 f - a scroll of magic mapping {unknown}
 h - 3 scrolls of remove curse
 i - a scroll of enchant armour {unknown}
 j - a scroll of recharging {unknown}
 p - a scroll of teleportation {unknown}
 q - a scroll of noise {unknown}
Potions
 d - a potion of resistance {unknown}
 l - a potion of brilliance {unknown}
 m - a potion of curing {unknown}
 n - a potion of degeneration {unknown}
 r - a potion of haste {unknown}
 t - a potion of flight {unknown}
 v - a potion of lignification {unknown}
Books
 k - a book of Maledictions

   Spells                             Type                      Level
   a - Corona                         Hexes                        1
   b - Ensorcelled Hibernation        Hexes/Ice                    2
   c - Confuse                        Hexes                        3
   d - Tukima's Dance                 Hexes                        3
   e - Dazzling Spray                 Conjuration/Hexes            3
   Trog disapproves of the use of such an item.
Comestibles
 b - 4 chunks of flesh
 c - 5 bread rations
 g - 2 meat rations
 u - 2 fruits


   Skills:
 - Level 3.2 Fighting
 + Level 7.1 Maces & Flails
 - Level 2.1 Armour
 - Level 1.5 Dodging


You had 5 spell levels left.
You didn't know any spells.

Dungeon Overview and Level Annotations

Branches:
Dungeon (4/15)             Temple (0/1) D:4

Altars:
Ashenzari
Gozag
Sif Muna
Trog

Shops:
D:4 =


Innate Abilities, Weirdness & Mutations

You are resistant to torment.
Your stone body is resilient. (AC +4)
You are immune to poison.
You resist negative energy. (rN+)
You are resistant to electric shocks. (rElec)
You can survive without breathing.
You are immune to petrification.
You are immune to rotting.


Message History

The ogre is lightly wounded.
The leopard gecko closely misses you. The ogre hits you with a giant club.
You sock the ogre!
The ogre is heavily wounded.
The leopard gecko bites you but does no damage.
The ogre hits you with a giant club!!
* * * LOW HITPOINT WARNING * * *
You are too injured to fight recklessly!
The leopard gecko barely misses you. The leopard gecko misses you.
A red film seems to cover your vision as you go berserk!
You feel yourself moving faster!
You feel mighty!
You are feeling hungry.
The leopard gecko barely misses you.
You barely miss the leopard gecko.
The leopard gecko bites you but does no damage.
You hit the ogre.
The ogre is heavily wounded.
The ogre hits you with a giant club!
You die...

........#......
...............
..................#. .
##........# ...# #.
#..##.###.. ... #.###.$.......
..## #### #......##.#### # ...
(... ###.Ol## ..# .. #.. .....
#####..@####.###.. #.. .....
.................# #..
......######.....##.# #>.
......###...........# ###..
..........#......#..######....
......#..........##...........
...........#########....#..∩##
...........# ####......#
..)...#....# ###...##...


You could see an ogre and a leopard gecko.

Vanquished Creatures
  A phantom (D:4)
  Jessica (D:3)
  An iguana (D:4)
  Terence (D:2)
  7 adders
  An ooze (D:1)
  3 worms
  A dart slug (D:1)
  2 leopard geckos
  2 orcs (D:3)
  3 giant cockroaches
  11 goblins
  9 hobgoblins
  4 jackals (D:1)
  9 kobolds
  4 quokkas (D:3)
  3 ball pythons
  7 bats
  6 frilled lizards
  8 rats
84 creatures vanquished.

Notes
Turn   | Place    | Note
-------+----------+-------------------------------------------
     0 | D:1      | Queen the Gargoyle Berserker began the quest for the Orb.
     0 | D:1      | Reached XP level 1. HP: 14/14 MP: 1/1
   313 | D:1      | Reached XP level 2. HP: 19/19 MP: 2/2
   440 | D:1      | Reached skill level 4 in Maces & Flails
   476 | D:1      | Reached XP level 3. HP: 19/23 MP: 3/3
   750 | D:1      | Reached ** piety under Trog
  1038 | D:2      | Found a shattered altar of Ashenzari.
  1155 | D:2      | Reached XP level 4. HP: 14/28 MP: 4/4
  1375 | D:2      | Reached skill level 5 in Maces & Flails
  1437 | D:2      | Noticed Terence
  1458 | D:2      | Killed Terence
  1899 | D:2      | Reached XP level 5. HP: 25/32 MP: 5/5
  2274 | D:3      | Reached skill level 6 in Maces & Flails
  2303 | D:3      | Reached *** piety under Trog
  2387 | D:3      | Noticed Jessica
  2465 | D:3      | Found an opulent altar of Gozag.
  2537 | D:3      | Found a bloodstained altar of Trog.
  2700 | D:3      | Found a deep blue altar of Sif Muna.
  2752 | D:3      | Killed Jessica
  2803 | D:4      | Found Peireunu's Jewellery Boutique.
  2806 | D:4      | Found a staircase to the Ecumenical Temple.
  2818 | D:4      | Reached XP level 6. HP: 27/37 MP: 6/6
  2831 | D:4      | Noticed a phantom
  2876 | D:4      | Killed a phantom
  2876 | D:4      | Reached skill level 7 in Maces & Flails
  2937 | D:4      | Slain by an ogre

Skill      XL: |  1  2  3  4  5  6 |
---------------+-------------------+-----
Maces & Flails | 4 5 6 7 |  7.1
Fighting       | |  3.2
Armour         | |  2.1
Dodging        | |  1.5

Action                   |  1- 3 |  4- 6 || total
-------------------------+-------+-------++-------
Melee: Mace              |   113 |   205 ||   318
Invok: Berserk           |       |     2 ||     2
  Use: Scroll            |       |     1 ||     1
 Stab: Sleeping          |     1 |       ||     1
  Eat: Chunk             |     1 |     7 ||     8
Armor: Animal skin       |    49 |    10 ||    59
       Ring mail         |       |    74 ||    74
       Chain mail        |       |    34 ||    34
Dodge: Dodged            |    90 |   120 ||   210
